AoeStats
← gazza17

Nomad

516060772Analyzed
4v4 RM · 13d ago on Oct 24, 2026· 59m 42s· 8 players
Game mode
Random Map
Map size
231×231
Population
200
Speed
Normal
Resources
Standard
Victory
Conquest
Starting age
Dark Age
Ending age
Imperial Age
RankedLock teamsTeams togetherTeam positionsShared explorationLock speedFull tech treeHidden civsTurbo modeCheats
Victory
Defeat
🇬🇧 Varangians · United Kingdom
998
+16
🇧🇪 Saracens · Belgium
942
+18
🇨🇿 Huns · Czechia
924
+19
🇨🇳 Huns · China
924
+19
vs
🇦🇷 Varangians · Argentina
1030
-20
🇦🇷 Bulgarians · Argentina
994
-18
🇦🇷 Danes · Argentina
980
-18
🇨🇳 Berbers · China
938
-16
SicariusFeroxis
12:23 Loom
14:53 Feudal Age
17:28 Fishing Lines
18:43 Double-Bit Axe
19:35 Wheelbarrow
25:17 Castle Age
29:27 Gillnets
29:48 Medium Warships
33:06 Bow Saw
34:07 Elite Skirmisher
41:55 Imperial Age
42:22 Imperial Age
46:26 Chemistry
55:06 Conscription
55:37 Scale Barding Armor
55:22 Fletching
56:50 Siege Engineers
56:55 Bodkin Arrow
57:00 Padded Archer Armor
57:45 Chain Barding Armor
59:29 Hand Cart
59:43 Gold Mining
gazza17
6:54 Loom
16:05 Feudal Age
19:25 Bloodlines
19:24 Scale Barding Armor
19:30 Forging
25:47 Castle Age
24:00 Gold Mining
23:53 Horse Collar
24:00 Double-Bit Axe
27:21 Bow Saw
28:19 Stone Mining
30:01 Iron Casting
33:05 Wheelbarrow
33:21 Heavy Plow
34:54 Chain Barding Armor
34:28 Fletching
39:13 Imperial Age
39:23 Husbandry
41:23 Blast Furnace
41:32 Conscription
40:40 Cavalier
42:47 Plate Barding Armor
43:03 Crop Rotation
44:57 Chemistry
43:49 Heated Shot
44:19 Ballistics
44:54 Pikeman
45:36 Squires
45:39 Scale Mail Armor
45:35 Bodkin Arrow
45:40 Vendel Legacy
47:09 Halberdier
49:18 Chain Mail Armor
50:51 Masonry
52:06 Arson
JozefCZ
4:02 Loom
14:44 Feudal Age
15:45 Double-Bit Axe
17:39 Gold Mining
18:21 Fishing Lines
21:33 Castle Age
20:50 Wheelbarrow
21:40 Scale Barding Armor
21:45 Forging
22:43 Bow Saw
22:47 Bloodlines
23:15 Medium Warships
23:49 Gillnets
24:46 Husbandry
26:25 Hand Cart
27:54 Demolition Ship
35:11 Imperial Age
32:47 Murder Holes
33:03 Masonry
33:13 Ballistics
35:34 Chain Barding Armor
35:50 Iron Casting
37:20 Plate Barding Armor
36:17 Cavalier
39:24 Chemistry
40:18 Paladin
49:01 Heavy Demolition Ship
XIAMING
17:10 Feudal Age
15:30 Loom
17:56 Double-Bit Axe
17:52 Horse Collar
22:05 Castle Age
22:04 Wheelbarrow
22:53 Stone Mining
23:21 Heavy Plow
23:33 Bow Saw
24:47 Husbandry
25:31 Forging
25:27 Scale Barding Armor
25:55 Bloodlines
32:59 Light Cavalry
Sauco
8:05 Loom
15:26 Feudal Age
19:07 Castle Age
18:17 Fishing Lines
20:28 Squires
20:58 Double-Bit Axe
22:46 Medium Warships
36:25 Bow Saw
36:37 Gillnets
37:43 Hamask
39:01 Arson
39:02 Gambesons
39:56 Wheelbarrow
39:15 Gold Mining
39:11 Horse Collar
42:10 Stone Mining
43:01 Gold Shaft Mining
43:07 Hand Cart
42:38 Town Watch
42:56 Heavy Plow
45:55 Stone Shaft Mining
49:35 Imperial Age
49:45 Ballistics
49:21 Murder Holes
49:38 Careening
50:11 Town Patrol
49:40 Pikeman
50:35 Halberdier
53:00 Chemistry
52:12 Clinker Construction
53:19 Heavy Warships
Mr. Cheff ARG
6:42 Loom
12:53 Feudal Age
14:55 Double-Bit Axe
22:06 Wheelbarrow
24:44 Castle Age
29:10 Forging
28:51 Fletching
30:35 Town Watch
31:00 Arson
34:38 Scale Barding Armor
40:27 Imperial Age
42:07 Bloodlines
43:47 Conscription
46:18 Cavalier
46:53 Pikeman
49:02 Scale Mail Armor
49:38 Iron Casting
51:27 Cavalier
erieyo
5:28 Loom
14:32 Feudal Age
18:18 Castle Age
16:29 Fishing Lines
16:53 Double-Bit Axe
20:26 Fletching
23:30 Bodkin Arrow
24:20 Padded Archer Armor
26:10 Gillnets
26:02 Horse Collar
32:14 Bow Saw
33:13 Heavy Plow
35:50 Leather Archer Armor
38:09 Imperial Age
36:08 Ballistics
37:10 Wheelbarrow
36:20 Town Watch
37:14 Bloodlines
37:04 Husbandry
37:46 Kasbah
40:23 Bracer
41:09 Light Cavalry
43:55 Conscription
43:56 Maghrebi Camels
44:33 Leather Archer Armor
44:21 Heavy Camel Rider
46:20 Scale Barding Armor
46:01 Elite Camel Archer
47:23 Forging
47:34 Chain Barding Armor
48:31 Murder Holes
49:39 Chemistry
50:11 Plate Barding Armor
53:03 Hoardings
54:57 Masonry
55:35 Siege Engineers
56:15 Hussar
soy el Nico
7:23 Loom
15:28 Feudal Age
19:07 Castle Age
23:36 Fletching
25:59 Double-Bit Axe
Connection lost

Rejoining the realm…

Still unreachable

The connection could not be restored.

Session expired

The server has moved on; the page needs a fresh start.